MLB
TORONTO BLUE JAYS @ BOSTON RED SOX
09/22/2020
 
TOP OF THE 1ST
Toronto Blue Jays batting - Pitching for Boston Red Sox : RHP Adam Wainwright
Pitching: RHP Adam Wainwright
Batting: RHB Danny Mendick 0-0: Called Strike
0-1: Ball
1-1: Bunted foul
1-2: Ball
2-2: SINGLE (Groundball, 6MD, EV 95.6 MPH)
Batting: LHB Dee Gordon 0-0: Ball
1-0: Ground out 4-3 (Groundball, 4S, EV 66.9 MPH)
Danny Mendick to second
Batting: RHB Kris Bryant 0-0: Called Strike
0-1: Ball
1-1: Fly out, F7 (Flyball, 78M, EV 80.6 MPH)
Batting: SHB Josh Bell 0-0: Called Strike
0-1: Ball
1-1: Ground out 4-3 (Groundball, 4, EV 107.5 MPH)
Top of the 1st over - 0 runs, 1 hit, 0 errors, 1 left on base; Toronto 0 - Boston 0
BOTTOM OF THE 1ST
Boston Red Sox batting - Pitching for Toronto Blue Jays : RHP Wes Parsons
Pitching: RHP Wes Parsons
Batting: LHB Zach McKinstry 0-0: Ball
1-0: Called Strike
1-1: Ball
2-1: Ball
3-1: Foul Ball, location: 2F
3-2: Foul Ball, location: 2F
3-2: Foul Ball, location: 2F
3-2: Foul Ball, location: 2F
3-2: Foul Ball, location: 2F
3-2: Foul Ball, location: 2F
3-2: Base on Balls
Batting: RHB Mike Trout 0-0: Called Strike
0-1: Swinging Strike
0-2: Foul Ball, location: 2F
0-2: Ball
1-2: Ball
2-2: Foul Ball, location: 2F
2-2: 2-RUN HOME RUN (Flyball, 9LD, EV 105.0 MPH), Distance : 359 ft
Batting: RHB Xander Bogaerts 0-0: Ball
1-0: Foul Ball, location: 2F
1-1: Ball
2-1: Swinging Strike
2-2: Ball
3-2: Foul Ball, location: 2F
3-2: Strikes out swinging
Batting: RHB Ian Desmond 0-0: Ball
1-0: Ball
2-0: Called Strike
2-1: Swinging Strike
2-2: Strikes out looking
Batting: LHB Greg Bird 0-0: Ball
1-0: Ball
2-0: Called Strike
2-1: Ground out U3 (Groundball, 3, EV 86.9 MPH)
Bottom of the 1st over - 2 runs, 1 hit, 0 errors, 0 left on base; Toronto 0 - Boston 2
TOP OF THE 2ND
Toronto Blue Jays batting - Pitching for Boston Red Sox : RHP Adam Wainwright
Batting: RHB Aledmys Diaz 0-0: Foul Ball, location: 2F
0-1: Ball
1-1: SINGLE (Line Drive, 7S, EV 105.6 MPH)
Batting: LHB Donovan Walton 0-0: Ball
1-0: Foul Ball, location: 2F
1-1: Fielders Choice at 2nd, 3-6 (Groundball, 3, EV 76.9 MPH)
Batting: RHB Yusniel Diaz 0-0: Fly out, F6 (Popup, 6, EV 75.6 MPH)
Batting: RHB Keon Broxton 0-0: Ball
1-0: Fly out, F7 (Flyball, 7D, EV 102.5 MPH)
Top of the 2nd over - 0 runs, 1 hit, 0 errors, 1 left on base; Toronto 0 - Boston 2
BOTTOM OF THE 2ND
Boston Red Sox batting - Pitching for Toronto Blue Jays : RHP Wes Parsons
Batting: RHB Jedd Gyorko 0-0: Ball
1-0: Ball
2-0: Called Strike
2-1: Ball
3-1: Base on Balls
Batting: RHB Steven Souza Jr. 0-0: Ball
1-0: Grounds into double play, 6-4-3 (Groundball, 6, EV 91.3 MPH)
Batting: RHB Wilson Ramos 0-0: Ball
1-0: Fly out, F9 (Flyball, 9D, EV 84.4 MPH)
Bottom of the 2nd over - 0 runs, 0 hits, 0 errors, 0 left on base; Toronto 0 - Boston 2
TOP OF THE 3RD
Toronto Blue Jays batting - Pitching for Boston Red Sox : RHP Adam Wainwright
Batting: RHB Spencer Kieboom 0-0: Foul Ball, location: 2F
0-1: Ball
1-1: Foul Ball, location: 2F
1-2: Ball
2-2: Strikes out looking
Batting: RHB Danny Mendick 0-0: Called Strike
0-1: Ball
1-1: Ground out 5-3 (Groundball, 5, EV 86.9 MPH)
Batting: LHB Dee Gordon 0-0: Called Strike
0-1: Swinging Strike
0-2: Foul Ball, location: 2F
0-2: Ball
1-2: Foul Ball, location: 2F
1-2: Foul Ball, location: 2F
1-2: Ball
2-2: Ball
3-2: Strikes out swinging
Top of the 3rd over - 0 runs, 0 hits, 0 errors, 0 left on base; Toronto 0 - Boston 2
BOTTOM OF THE 3RD
Boston Red Sox batting - Pitching for Toronto Blue Jays : RHP Wes Parsons
Batting: SHB Willi Castro 0-0: Fly out, F5 (Popup, 15S, EV 85.6 MPH)
Batting: LHB Zach McKinstry 0-0: Called Strike
0-1: Foul Ball, location: 2F
0-2: Fly out, F8 (Line Drive, 8RD, EV 95.0 MPH)
Batting: RHB Mike Trout 0-0: Foul Ball, location: 2F
0-1: Ball
1-1: Ball
2-1: Ball
3-1: Base on Balls
Batting: RHB Xander Bogaerts 0-0: Ball
1-0: Foul Ball, location: 2F
1-1: Ball
Passed Ball!
Mike Trout to second
2-1: Ground out 3-1 (Groundball, 34, EV 87.5 MPH)
Bottom of the 3rd over - 0 runs, 0 hits, 0 errors, 1 left on base; Toronto 0 - Boston 2
TOP OF THE 4TH
Toronto Blue Jays batting - Pitching for Boston Red Sox : RHP Adam Wainwright
Batting: RHB Kris Bryant 0-0: Ball
1-0: Ball
2-0: Fly out, F7 (Flyball, 7LS, EV 84.4 MPH)
Batting: SHB Josh Bell 0-0: Called Strike
0-1: SINGLE (Line Drive, 9LS, EV 88.8 MPH)
Batting: RHB Aledmys Diaz 0-0: Ball
1-0: Foul Ball, location: 2F
1-1: Foul Ball, location: 2F
1-2: Ball
2-2: Ball
3-2: DOUBLE (Groundball, 5L, EV 110.0 MPH)
Josh Bell to third
Batting: LHB Donovan Walton 0-0: Called Strike
0-1: Ground out 4-3 (Groundball, 4, EV 109.4 MPH)
Josh Bell scores
Aledmys Diaz to third
Batting: RHB Yusniel Diaz 0-0: Ball
1-0: Foul Ball, location: 2F
1-1: Ball
2-1: Foul Ball, location: 2F
2-2: Foul Ball, location: 2F
2-2: Ground out 4-3 (Groundball, 4S, EV 73.1 MPH)
Top of the 4th over - 1 run, 2 hits, 0 errors, 1 left on base; Toronto 1 - Boston 2
BOTTOM OF THE 4TH
Boston Red Sox batting - Pitching for Toronto Blue Jays : RHP Wes Parsons
Batting: RHB Ian Desmond 0-0: Fly out, F9 (Flyball, 9LM, EV 100.0 MPH)
Batting: LHB Greg Bird 0-0: Fly out, F9 (Flyball, 9LM, EV 99.4 MPH)
Batting: RHB Jedd Gyorko 0-0: Ground out 6-3 (Groundball, 6, EV 93.1 MPH)
Bottom of the 4th over - 0 runs, 0 hits, 0 errors, 0 left on base; Toronto 1 - Boston 2
TOP OF THE 5TH
Toronto Blue Jays batting - Pitching for Boston Red Sox : RHP Adam Wainwright
Batting: RHB Keon Broxton 0-0: Called Strike
0-1: Ball
1-1: Foul Ball, location: 2F
1-2: Strikes out looking
Batting: RHB Spencer Kieboom 0-0: Called Strike
0-1: SINGLE (Line Drive, 9S, EV 95.0 MPH)
Batting: RHB Danny Mendick 0-0: Called Strike
0-1: Foul Ball, location: 2F
0-2: Ball
1-2: Foul Ball, location: 2F
1-2: Strikes out looking
Batting: LHB Dee Gordon 0-0: Ball
1-0: Swinging Strike
1-1: Hit by Pitch
Spencer Kieboom to second
Batting: RHB Kris Bryant 0-0: Ball
1-0: Ball
2-0: Called Strike
2-1: Ball
3-1: Foul Ball, location: 2F
3-2: Strikes out looking
Top of the 5th over - 0 runs, 1 hit, 0 errors, 2 left on base; Toronto 1 - Boston 2
BOTTOM OF THE 5TH
Boston Red Sox batting - Pitching for Toronto Blue Jays : RHP Wes Parsons
Batting: RHB Steven Souza Jr. 0-0: Ball
1-0: Called Strike
1-1: Fly out, F7 (Flyball, 7S, EV 93.1 MPH)
Batting: RHB Wilson Ramos 0-0: Called Strike
0-1: Called Strike
0-2: Strikes out swinging
Batting: SHB Willi Castro 0-0: Called Strike
0-1: Ball
1-1: Ball
2-1: Foul Ball, location: 2F
2-2: Foul Ball, location: 2F
2-2: Ball
3-2: Ground out 4-3 (Groundball, 4, EV 95.6 MPH)
Bottom of the 5th over - 0 runs, 0 hits, 0 errors, 0 left on base; Toronto 1 - Boston 2
TOP OF THE 6TH
Toronto Blue Jays batting - Pitching for Boston Red Sox : RHP Adam Wainwright
Batting: SHB Josh Bell 0-0: Ball
1-0: Called Strike
1-1: Ball
2-1: Foul Ball, location: 2F
2-2: Ball
3-2: Foul Ball, location: 2F
3-2: Ground out 3-1 (Groundball, 34, EV 90.0 MPH)
Batting: RHB Aledmys Diaz 0-0: Swinging Strike
0-1: SOLO HOME RUN (Flyball, 78XD, EV 101.9 MPH), Distance : 446 ft
Pitching: RHP Colton Murray
Batting: LHB Donovan Walton 0-0: Ground out 1-3 (Groundball, 23, EV 71.3 MPH)
Batting: RHB Yusniel Diaz 0-0: Ground out 5-3 (Groundball, 56, EV 80.6 MPH)
Top of the 6th over - 1 run, 1 hit, 0 errors, 0 left on base; Toronto 2 - Boston 2
BOTTOM OF THE 6TH
Boston Red Sox batting - Pitching for Toronto Blue Jays : RHP Wes Parsons
Batting: LHB Zach McKinstry 0-0: Foul Ball, location: 2F
0-1: Ball
1-1: Swinging Strike
1-2: Strikes out swinging
Batting: RHB Mike Trout 0-0: Ball
1-0: Foul Ball, location: 2F
1-1: Ball
2-1: Ball
3-1: Called Strike
3-2: SINGLE (Flyball, 7LS, EV 84.4 MPH)
Batting: RHB Xander Bogaerts 0-0: Called Strike
0-1: Foul Ball, location: 2F
0-2: Ball
1-2: SINGLE (Line Drive, 56D, EV 97.5 MPH)
Mike Trout to second
Pitching: RHP Danny Barnes
Batting: RHB Ian Desmond 0-0: Ball
1-0: Foul Ball, location: 2F
1-1: Swinging Strike
1-2: Ball
2-2: Ball
3-2: SINGLE (Line Drive, 89M, EV 105.0 MPH)
Mike Trout to third
Xander Bogaerts to second
Batting: LHB Greg Bird 0-0: Fly out, F7 (Flyball, 78S, EV 88.8 MPH)
Batting: RHB Jedd Gyorko 0-0: Ball
1-0: Ball
2-0: Called Strike
2-1: SINGLE (Line Drive, 7S, EV 86.9 MPH)
Mike Trout scores
Xander Bogaerts to third
Ian Desmond to second
Runner from 3rd tries for Home, SAFE, throw by LF to home
Batting: RHB Steven Souza Jr. 0-0: Ball
1-0: Ball
2-0: DOUBLE (Line Drive, 78M, EV 105.0 MPH)
Ian Desmond scores
Jedd Gyorko to third
Runner from 3rd tries for Home, SAFE, throw by LF to home
Batting: RHB Wilson Ramos 0-0: Ground out U3 (Groundball, 34, EV 88.8 MPH)
Bottom of the 6th over - 4 runs, 5 hits, 0 errors, 1 left on base; Toronto 2 - Boston 6
TOP OF THE 7TH
Toronto Blue Jays batting - Pitching for Boston Red Sox : RHP Colton Murray
Batting: RHB Keon Broxton 0-0: Ball
1-0: Swinging Strike
1-1: Swinging Strike
1-2: Strikes out swinging
Batting: RHB Spencer Kieboom 0-0: Ball
1-0: Ball
2-0: Ball
3-0: Called Strike
3-1: Swinging Strike
3-2: SINGLE (Groundball, P, EV 81.9 MPH) (infield hit)
Batting: RHB Danny Mendick 0-0: Called Strike
0-1: Called Strike
0-2: Ball
1-2: Strikes out swinging
Batting: LHB Dee Gordon 0-0: Called Strike
0-1: Ball
1-1: Swinging Strike
1-2: Foul Ball, location: 2F
1-2: Ground out 6-3 (Groundball, P, EV 88.1 MPH)
Top of the 7th over - 0 runs, 1 hit, 0 errors, 1 left on base; Toronto 2 - Boston 6
BOTTOM OF THE 7TH
Boston Red Sox batting - Pitching for Toronto Blue Jays : RHP Danny Barnes
Pitching: RHP Alec Bettinger
Batting: SHB Willi Castro 0-0: Called Strike
0-1: Ground out 4-3 (Groundball, 4, EV 99.4 MPH)
Batting: LHB Zach McKinstry 0-0: Ball
1-0: Ball
2-0: Foul Ball, location: 2F
2-1: Fly out, F6 (Flyball, 56D, EV 88.8 MPH)
Batting: RHB Mike Trout 0-0: Swinging Strike
0-1: Foul Ball, location: 2F
0-2: Ball
1-2: Ball
2-2: Ball
3-2: Foul Ball, location: 2F
3-2: SOLO HOME RUN (Flyball, 7D, EV 92.5 MPH), Distance : 430 ft
Batting: RHB Xander Bogaerts 0-0: Ball
1-0: Ball
2-0: Ball
3-0: Called Strike
3-1: Foul Ball, location: 2F
3-2: Foul Ball, location: 2F
3-2: Foul Ball, location: 2F
3-2: Foul Ball, location: 2F
3-2: Fly out, F8 (Line Drive, 8LD, EV 88.1 MPH)
Bottom of the 7th over - 1 run, 1 hit, 0 errors, 0 left on base; Toronto 2 - Boston 7
TOP OF THE 8TH
Toronto Blue Jays batting - Pitching for Boston Red Sox : RHP Colton Murray
Batting: RHB Kris Bryant 0-0: Ball
1-0: Ball
2-0: Ball
3-0: DOUBLE (Line Drive, 78D, EV 109.4 MPH)
Batting: SHB Josh Bell 0-0: Ball
1-0: Foul Ball, location: 2F
1-1: Ball
2-1: Ball
3-1: Base on Balls
Batting: RHB Aledmys Diaz 0-0: Ball
1-0: Ball
2-0: Ball
3-0: Called Strike
3-1: Base on Balls
Kris Bryant to third
Josh Bell to second
Pitching: RHP Kyle Keller
Batting: LHB Donovan Walton 0-0: Called Strike
0-1: Ball
Wild Pitch!
Kris Bryant scores
Josh Bell to third
Aledmys Diaz to second
1-1: Swinging Strike
1-2: Strikes out swinging
Batting: RHB Yusniel Diaz 0-0: Called Strike
0-1: Foul Ball, location: 2F
0-2: Ball
Wild Pitch!
Josh Bell scores
Aledmys Diaz to third
1-2: Strikes out swinging
Batting: RHB Keon Broxton 0-0: Ball
1-0: Ball
2-0: Ball
3-0: Base on Balls
Batting: RHB Spencer Kieboom 0-0: SINGLE (Line Drive, 7S, EV 93.1 MPH)
Aledmys Diaz scores
Keon Broxton to second
Batting: RHB Danny Mendick 0-0: Ball
1-0: Swinging Strike
1-1: Ball
2-1: Called Strike
2-2: Strikes out looking
Top of the 8th over - 3 runs, 2 hits, 0 errors, 2 left on base; Toronto 5 - Boston 7
BOTTOM OF THE 8TH
Boston Red Sox batting - Pitching for Toronto Blue Jays : RHP Alec Bettinger
Pitching: RHP Trevor Rosenthal
Batting: RHB Ian Desmond 0-0: Ball
1-0: Called Strike
1-1: Swinging Strike
1-2: Strikes out swinging
Batting: LHB Greg Bird 0-0: Ball
1-0: SINGLE (Groundball, 4MD, EV 102.5 MPH)
Batting: RHB Jedd Gyorko 0-0: Called Strike
0-1: Ball
1-1: Swinging Strike
1-2: Strikes out swinging
Batting: RHB Steven Souza Jr. 0-0: Ball
1-0: Ball
2-0: Ball
3-0: Base on Balls
Greg Bird to second
Batting: RHB Wilson Ramos 0-0: Ground out 2-3 (Groundball, 2L, EV 73.8 MPH)
Bottom of the 8th over - 0 runs, 1 hit, 0 errors, 2 left on base; Toronto 5 - Boston 7
TOP OF THE 9TH
Toronto Blue Jays batting - Pitching for Boston Red Sox : RHP Kyle Keller
Pitching: RHP Edwin Diaz
Now at 3B: Kaleb Cowart
Batting: LHB Dee Gordon 0-0: Called Strike
0-1: Ball
1-1: Swinging Strike
1-2: Foul Ball, location: 2F
1-2: Ball
2-2: Strikes out swinging
Batting: RHB Kris Bryant 0-0: Ball
1-0: Foul Ball, location: 2F
1-1: Called Strike
1-2: Strikes out swinging
Batting: SHB Josh Bell 0-0: SOLO HOME RUN (Flyball, 78XD, EV 100.0 MPH), Distance : 424 ft
Batting: RHB Aledmys Diaz 0-0: Called Strike
0-1: Foul Ball, location: 2F
0-2: Ball
1-2: Ball
2-2: Ball
3-2: Strikes out swinging, 2-3 out at first.
Top of the 9th over - 1 run, 1 hit, 0 errors, 0 left on base; Toronto 6 - Boston 7
Monday, November 30th, 2020 - OOTP Baseball 21.6 Build 83